 Dungeon Crawl Stone Soup version 0.31-a0-1539-g569d6c7dce (webtiles) character file.

Game seed: 9972334838827029382

6852 Flugslaktarn the Fighter (level 10, 0/97 HPs)
             Began as a Minotaur Fighter on Jan 1, 2024.
             Was an Elder of Uskayaw.
             Slain by an ice devil (17 damage)
             ... on level 9 of the Dungeon.
             The game lasted 00:04:05 (7520 turns).

Flugslaktarn the Fighter (Minotaur Fighter)         Turns: 7520, Time: 00:04:05

Health: 0/97       AC: 20    Str: 25    XL:     10   Next: 78%
Magic:  9/9        EV:  7    Int:  5    God:    Uskayaw [****..]
Gold:   275        SH:  6    Dex: 10    Spells: 9/9 levels left

rFire   . . .        J - +4 war axe
rCold   . . .        c - +0 buckler
rNeg    . . .        D - +0 plate armour
rPois   .            (helmet restricted)
rElec   .            B - scarf {shadows}
rCorr   .            g - +1 pair of gloves
SInv    .            (no boots)
Will    .....        h - amulet of regeneration Stlth
                     p - +4 ring of protection
HPRegen 1.16/turn    j - +4 ring of slaying
MPRegen 0.11/turn

%: no passive effects
@: lethally poisoned (0 -> -3), spiked
A: horns 2, retaliatory headbutt
a: Renounce Religion, Stomp, Line Pass


You were on level 9 of the Dungeon.
You worshipped Uskayaw.
Uskayaw was noncommittal.
You visited 2 branches of the dungeon, and saw 10 of its levels.

You collected 275 gold pieces.

Inventory:

Hand Weapons
 J - a +4 war axe (weapon)
   (You found it on level 8 of the Dungeon)
Armour
 b - a +0 scale mail
 c - a +0 buckler (worn)
 g - a +1 pair of gloves (worn)
   (You found it on level 6 of the Dungeon)
 B - a scarf of shadows (worn)
   (You found it on level 2 of the Dungeon)
 D - a +0 plate armour (worn)
   (You took it off an orc warrior on level 7 of the Dungeon)
Jewellery
 h - an amulet of regeneration (around neck)
   (You took it off Duvessa on level 6 of the Dungeon)
 j - a +4 ring of slaying (right hand)
   (You found it on level 4 of the Dungeon)
 k - a ring of resist corrosion
   (You found it on level 5 of the Dungeon)
 n - a +6 ring of strength
   (You found it on level 3 of the Dungeon)
 p - a +4 ring of protection (left hand)
   (You found it on level 1 of the Dungeon)
Wands
 y - a wand of charming (5)
   (You found it on level 4 of the Dungeon)
 A - a wand of roots (7)
   (You found it on level 7 of the Dungeon)
Scrolls
 e - 2 scrolls of enchant armour
 l - a scroll of revelation
 m - a scroll of fear
 t - 4 scrolls of teleportation
 C - a scroll of silence {unknown}
 F - a scroll of brand weapon {unknown}
 I - a scroll of vulnerability {unknown}
Potions
 d - 3 potions of might
 f - 2 potions of lignification
 i - a potion of haste {unknown}
 o - a potion of brilliance {unknown}
 q - 4 potions of curing
 u - a potion of enlightenment {unknown}
 v - a potion of invisibility {unknown}
 w - a potion of heal wounds
 z - a potion of ambrosia
 G - a potion of degeneration {unknown}


   Skills:
 * Level 12.1 Fighting
 * Level 11.7 Axes
 + Level 8.8 Armour
 + Level 8.8 Shields


You had 9 spell levels left.
You didn't know any spells.
Your spell library contained the following spells:

 Spells                   Type           Power      Damage    Failure   Level
 Kiss of Death            Conj/Necr      0%         2d5       100%        1
 Mercury Vapours          Alch/Air       0%         N/A       100%        2
 Confusing Touch          Hex            0%         N/A       100%        3
 Hailstorm                Conj/Ice       0%         3d5       100%        3
 Mephitic Cloud           Conj/Alch/Air  0%         N/A       100%        3
 Stone Arrow              Conj/Erth      0%         3d7       100%        3
 Summon Ice Beast         Ice/Summ       0%         N/A       100%        3
 Animate Armour           Summ/Erth      0%         N/A       100%        4
 Cause Fear               Hex            0%         N/A       100%        4
 Dispel Undead            Necr           0%         3d6       100%        4
 Fireball                 Conj/Fire      0%         3d3       100%        5
 Freezing Cloud           Conj/Ice/Air   0%         6-21      100%        5
 Sculpt Simulacrum        Ice/Alch       0%         N/A       100%        6
 Lehudib's Crystal Spear  Conj/Erth      0%         10d2      100%        8
 Dragon's Call            Summ           0%         N/A       100%        9


Dungeon Overview and Level Annotations

Branches:
Dungeon (9/15)             Temple (1/1) D:7            Lair (0/5) D:8
    Orc: D:9-12

Altars:
Ashenzari
Cheibriados
Dithmenos
Elyvilon
Fedhas
Gozag
Hepliaklqana
Kikubaaqudgha
Makhleb
Nemelex Xobeh
Okawaru
Qazlal
Ru
Sif Muna
Trog
Uskayaw
Vehumet
Wu Jian
Xom
Yredelemnul
Zin
The Shining One

Annotations:
D:4 1 runed translucent door, bmj180's ghost, amateur HuCj


Innate Abilities, Weirdness & Mutations

You have a pair of horns on your head.
You reflexively headbutt those who attack you in melee.


Message History

The chaos spawn's pages rustle loudly.
You hear a shout!
A red devil, an ice devil and a centaur come into view.
The centaur shouts!
You block the orange demon's attack.
The orange demon stings you but does no damage.
A quasit comes into view.
The quasit gives a chilling moan.
The orange demon stings you but does no damage.
The orange demon hits you but does no damage.
The orange demon stings you. The orange demon hits you.
You hit the orange demon.
The orange demon is lightly wounded.
You closely miss the orange demon. You barely miss the chaos spawn.
You slice the orange demon!!
The orange demon is heavily wounded.
You slash the chaos spawn! You slash the orange demon!
The orange demon stings you.
You are poisoned.
The orange demon poisons you!
The orange demon hits you but does no damage.
The chaos spawn tail-slaps you but does no damage.
The orange demon stings you but does no damage.
The orange demon closely misses you.
You can now pass through a line of other dancers.
You slash the orange demon!
The orange demon is severely wounded.
You slash the orange demon! You hit the chaos spawn.
You feel very sick. The orange demon completely misses you.
The orange demon closely misses you.
The chaos spawn bites you but does no damage.
The red devil hits you from afar with a +0 trident.
Barbed spikes become lodged in your body.
The orange demon stings you but does no damage.
The orange demon hits you but does no damage.
Uskayaw will force your foes to helplessly watch your dance.
Uskayaw prepares the audience for your solo!
The helpless orange demon fails to defend itself.
You slash the orange demon! You headbutt the orange demon.
You kill the orange demon!
The helpless orange demon fails to defend itself.
You slash the orange demon!
The helpless chaos spawn fails to defend itself.
You slice the chaos spawn!!
You kill the chaos spawn!
The chaos spawn degenerates into a cloud of primal chaos!
You feel very sick.
The red devil is no longer paralysed.
The ice devil is no longer paralysed.
The orange demon is no longer paralysed.
The orange demon stings you but does no damage.
You block the orange demon's attack.
The red devil hits you from afar with a +0 trident!
Barbed spikes become lodged in your body.
Your Fighting skill increases to level 12!
Okay, then.
Unknown command.
Okay, then.
The barbed spikes dig painfully into your body as you move.
You feel very sick.
The quasit is no longer paralysed.
The centaur is no longer paralysed.
You block the orange demon's attack.
The orange demon hits you but does no damage.
The ice devil hits you but does no damage.
The red devil hits you with a +0 trident.
Barbed spikes become lodged in your body.
The centaur hits you but does no damage.
You block the centaur's attack.
The quasit bites you but does no damage.
The quasit claws you but does no damage.
The quasit barely misses you.
You barely miss the orange demon.
The orange demon is severely wounded.
You hit the red devil. You slash the quasit! You hit the ice devil.
You hit the centaur.
You feel very sick. The centaur closely misses you. You furiously retaliate!
You headbutt the centaur! The centaur closely misses you.
You block the orange demon's attack. x2; The ice devil hits you!
The ice devil freezes you!
* * * LOW HITPOINT WARNING * * *
The red devil closely misses you.
The quasit bites you but does no damage.
The quasit claws you but does no damage. x2
Uskayaw will force your foes to share their pain.
Uskayaw links your audience in an emotional bond!
You are too injured to fight recklessly!
You are too injured to fight recklessly!
You are too injured to fight recklessly!
You barely miss the orange demon. Your headbutt misses the orange demon.
The orange demon is severely wounded.
You slash the quasit!
You kill the centaur!
You kill the quasit!
You barely miss the ice devil. You slash the red devil!
You kill the red devil!
You feel sick.
The orange demon stings you but does no damage.
The orange demon hits you but does no damage.
The ice devil hits you!
* * * LOW HITPOINT WARNING * * *
The ice devil freezes you!
You die...

.#........#
.........# ..
+........
...#......##
...#.......##
......)).....
.....ยง@4.....
.....4.......
...###....###
.. ##....###.
#.........
#.........
#.........
##.<......
#........


You could see an orange demon (pain bonded) and an ice devil (pain bonded).

Vanquished Creatures
  A two-headed ogre (D:8)
  An orange demon (D:9)
  A red devil (D:9)
  A troll (D:8)
  Grinder (D:3)
  A wyvern (D:8)
  2 wraiths
  12 yaks (D:8)
  A chaos spawn (D:9)
  Duvessa (D:6)
  3 water moccasins
  3 orc warriors
  2 black bears
  An ice beast (D:5)
  3 ogres
  5 wolves (D:8)
  2 phantoms
  A centaur (D:9)
  Blork the orc (D:5)
  A bullfrog (D:7)
  A kobold brigand (D:6)
  A scorpion (D:6)
  Dowan (D:6)
  11 howler monkeys
  3 electric eels (D:8)
  A quasit (D:9)
  4 orc priests
  9 hounds
  An iguana (D:4)
  3 orc wizards
  7 gnolls
  5 adders
  A shadow imp (D:6)
  A white imp (D:7)
  4 ufetubi
  2 dart slugs
  2 ribbon worms (D:2)
  12 orcs
  4 endoplasms
  6 giant cockroaches
  10 goblins
  9 hobgoblins
  9 jackals
  9 quokkas
  11 ball pythons
  5 bats
  3 frilled lizards
  14 kobolds
  10 rats
203 creatures vanquished.

Notes
Turn   | Place    | Note
-------+----------+-------------------------------------------
     0 | D:1      | Flugslaktarn the Minotaur Fighter began the quest for the
                  | Orb.
     0 | D:1      | Reached XP level 1. HP: 19/19 MP: 0/0
    81 | D:1      | Reached XP level 2. HP: 22/27 MP: 1/1
    91 | D:1      | Reached skill level 4 in Fighting
   344 | D:1      | Reached XP level 3. HP: 33/33 MP: 2/2
  1362 | D:2      | Reached XP level 4. HP: 23/41 MP: 3/3
  1924 | D:3      | You fall into a shaft and drop 3 floors!
  1943 | D:6      | Reached skill level 5 in Fighting
  1943 | D:6      | Reached XP level 5. HP: 43/48 MP: 4/4
  2100 | D:6      | Reached XP level 6. HP: 51/56 MP: 5/5
  2141 | D:6      | Noticed Dowan
  2142 | D:6      | Noticed Duvessa
  2153 | D:6      | Killed Duvessa
  2154 | D:6      | Reached skill level 5 in Axes
  2157 | D:6      | Killed Dowan
  2158 | D:6      | Reached skill level 6 in Fighting
  2331 | D:6      | Reached skill level 5 in Armour
  2422 | D:6      | Reached skill level 5 in Shields
  2422 | D:6      | Reached XP level 7. HP: 64/64 MP: 6/6
  2541 | D:6      | Reached skill level 7 in Fighting
  2732 | D:6      | Found a sacrificial altar of Ru.
  2769 | D:5      | Entered Level 5 of the Dungeon
  3351 | D:5      | Reached XP level 8. HP: 73/73 MP: 7/7
  3402 | D:5      | Noticed Blork the orc
  3407 | D:5      | Killed Blork the orc
  3986 | D:4      | Found a runed translucent door.
  3995 | D:4      | Noticed bmj180's ghost (amateur HuCj)
  4164 | D:4      | Reached skill level 8 in Fighting
  4893 | D:3      | Noticed Grinder
  4893 | D:3      | Paralysed by Grinder for 5 turns
  4902 | D:3      | Killed Grinder
  5035 | D:7      | Found a staircase to the Ecumenical Temple.
  5179 | D:7      | Reached skill level 9 in Fighting
  5179 | D:7      | Reached XP level 9. HP: 83/83 MP: 8/8
  5297 | D:8      | Reached skill level 10 in Fighting
  5301 | D:8      | Reached skill level 10 in Axes
  5330 | Temple   | Entered the Ecumenical Temple
  5342 | Temple   | Became a worshipper of Uskayaw the Reveller
  5488 | D:7      | Reached * piety under Uskayaw
  5570 | D:7      | Reached ** piety under Uskayaw
  5573 | D:7      | Reached *** piety under Uskayaw
  5574 | D:7      | Reached **** piety under Uskayaw
  5575 | D:7      | Reached XP level 10. HP: 91/94 MP: 9/9
  5679 | D:7      | Reached ***** piety under Uskayaw
  5998 | D:7      | Reached skill level 11 in Fighting
  6133 | D:7      | Found an opulent altar of Gozag.
  6134 | D:7      | Found a blossoming altar of Fedhas.
  6135 | D:7      | Found a burning altar of Makhleb.
  6136 | D:7      | Found a snail-covered altar of Cheibriados.
  6242 | D:7      | Identified the +8 plate armour of the Evil One {rF+ Str+3}
  6542 | D:8      | Found a basalt altar of Yredelemnul.
  6600 | D:8      | Found a staircase to the Lair.
  6738 | D:8      | Reached ****** piety under Uskayaw
  7088 | D:8      | Noticed a two-headed ogre
  7096 | D:8      | Killed a two-headed ogre
  7510 | D:9      | Noticed an orange demon
  7510 | D:9      | Noticed an orange demon
  7517 | D:9      | Killed an orange demon
  7518 | D:9      | Reached skill level 12 in Fighting
  7520 | D:9      | Slain by an ice devil

Illustrated notes

Levels and vault maps discovered:
D:1:      dpeg_arrival_rooms_b, layout_loops_ring, minmay_pentomino_x4
D:2:      layout_basic
D:3:      layout_rooms, uniq_grinder
D:4:      layout_basic, ebering_ghost_sewer_d, st_stairs_2,
          kennysheep_generic_room_10
D:5:      layout_gridville, gup_sewer_entry_spiral, kennysheep_small_circle,
          uniq_blork_the_orc
D:6:      layout_basic, nicolae_ru_path_of_blood, chequers_garden,
          interstate_on_off, uniq_duvessa
D:7:      layout_basic, mainiacjoe_overflow_alcove_3,
          minmay_temple_entry_from_below_a
D:8:      layout_gridville, mainiacjoe_overflow_catwalk, erik_lair_island
D:9:      minmay_imperfect_grid, layout_gridville, serial_demonic,
          serial_demonic_g, serial_demonic_e, serial_demonic_a, serial_demonic_f
Temple:   nicolae_temple_superstar

Skill      XL: |  1  2  3  4  5  6  7  8  9 10 |
---------------+-------------------------------+-----
Fighting       | 4 5 6 7 9 10 12 | 12.1
Axes           | 3 4 5 7 8 10 11 | 11.7
Armour         | 4 5 6 7 8 |  8.8
Shields        | 4 5 6 7 8 |  8.8

Action                     |  1- 3 |  4- 6 |  7- 9 | 10-12 || total
---------------------------+-------+-------+-------+-------++-------
  Melee: War axe           |   112 |    63 |   204 |    87 ||   466
         Headbutt          |    17 |    10 |    34 |    13 ||    74
  Evoke: Wand              |       |       |       |     3 ||     3
    Use: Scroll            |       |     2 |     2 |     4 ||     8
         Potion            |       |       |       |     3 ||     3
   Stab: Paralysed         |       |       |     1 |    11 ||    12
 Armour: Scale mail        |    59 |    70 |   162 |    10 ||   301
         Plate armour      |       |       |       |   100 ||   100
  Dodge: Dodged            |    56 |    36 |    91 |    42 ||   225
  Block: Buckler           |    31 |    17 |    57 |    27 ||   132

Table legend: (Time is in decaauts)
 A = Elapsed time spent in this place.
 B = Non-inter-level travel time spent in this place.
 C = Inter-level travel time spent in this place.
 D = Time resting spent in this place.
 E = Time spent auto-exploring this place.
 F = Levels seen in this place.
 G = Mean time per level.
                   A        B        C        D        E       F      G
               +--------+--------+--------+--------+--------+-----+--------+
         Total |   7651 |   7159 |    492 |    545 |   5399 |  10 |  765.1 |
       Dungeon |   7626 |   7156 |    470 |    545 |   5399 |   9 |  847.3 |
        Temple |     24 |      2 |     22 |      0 |      0 |   1 |   24.0 |
               +--------+--------+--------+--------+--------+-----+--------+

Top non-repeatable levels by time:
     D:7: 1316 daAuts
     D:8: 1144 daAuts
     D:2: 1062 daAuts
     D:5: 1029 daAuts
     D:4: 1021 daAuts
     D:6: 896 daAuts
     D:1: 772 daAuts
     D:3: 370 daAuts
  Temple: 24 daAuts
     D:9: 13 daAuts
